 Seeded DCSS version 0.29-a0-96-g93358da72b (webtiles) character file.

Game seed: 20220213 (custom seed)

30 a11behringer the Poker (level 3, -6/33 HPs)
             Began as a Minotaur Berserker on Feb 13, 2022.
             Was a Follower of Trog.
             Mangled by Terence (11 damage)
             ... on level 2 of the Dungeon.
             The game lasted 00:02:01 (805 turns).

a11behringer the Poker (Minotaur Berserker)          Turns: 805, Time: 00:02:01

Health: -6/33      AC:  3    Str: 23    XL:     3   Next: 5%
Magic:  2/2        EV: 11    Int:  4    God:    Trog [*.....]
Gold:   61         SH:  0    Dex:  9    Spells: 2/2 levels left

rFire   + . .      SeeInvis .   a - +0 spear
rCold   . . .      Faith    .   (no shield)
rNeg    . . .      Spirit   .   f - +0 leather armour
rPois   .          Reflect  .   (helmet restricted)
rElec   .          Harm     .   (no cloak)
rCorr   .          Rampage  .   (no gloves)
Will    .....                   (no boots)
Stlth   +.........              (no amulet)
HPRegen 0.11/turn               g - ring of protection from fire
MPRegen 0.08/turn               (no ring)

@: on berserk cooldown, slowed, very slow
A: horns 2, retaliatory headbutt
a: Renounce Religion, Berserk


You were on level 2 of the Dungeon.
You worshipped Trog.
Trog was aware of your devotion.
You visited 1 branch of the dungeon, and saw 2 of its levels.

You collected 61 gold pieces.

Inventory:

Hand Weapons
 a - a +0 spear (weapon)
Missiles
 c - 16 arrows
Armour
 b - a +0 animal skin
 f - a +0 leather armour (worn)
Jewellery
 g - a ring of protection from fire (left hand)
Scrolls
 h - a scroll of fear {unknown}
Potions
 d - a potion of attraction {unknown}
 e - a potion of curing {unknown}


   Skills:
 + Level 4.0 Fighting
 * Level 4.6 Polearms
 + Level 2.6 Armour
 + Level 2.3 Dodging


You had 2 spell levels left.
You didn't know any spells.
Your spell library was empty.

Dungeon Overview and Level Annotations

Branches:
Dungeon (2/15)

Altars:

Annotations:
D:2 Sigmund, Terence


Innate Abilities, Weirdness & Mutations

You have a pair of horns on your head.
You reflexively headbutt those who attack you in melee.


Message History

There is a stone staircase leading down here.
You climb downwards.
Sigmund shouts!
The kobold shouts!
Found 15 gold pieces.
There is a stone staircase leading up here.
A red film seems to cover your vision as you go berserk!
You feel yourself moving faster!
You feel mighty!
Terence the Incautious comes into view.
He is wielding a +1 flail of holy wrath.
You feel a strong urge to attack something.
Found an escape hatch in the ceiling.
You hit the kobold.
The kobold is severely wounded.
The kobold hits you with a +0 short sword.
You barely miss the kobold. You headbutt the kobold.
You kill the kobold!
Trog accepts your kill.
Sigmund drinks a potion.
Sigmund seems to grow stronger.
Things that are here:
a +0 short sword; 2 stones; a kobold corpse You puncture Sigmund!
Sigmund is moderately wounded.
You closely miss Sigmund.
Sigmund is moderately wounded.
Terence drinks a potion.
Terence suddenly seems more resistant.
Sigmund hits you with a +1 scythe of freezing!!
Sigmund freezes you.
You hit Sigmund.
Sigmund is moderately wounded.
You are no longer berserk.
You are exhausted.
You feel yourself slow down.
You hit Sigmund. You headbutt Sigmund, but do no damage.
Sigmund is heavily wounded.
Sigmund closely misses you.
Terence hits you with a +1 flail of holy wrath!
* * * LOW HITPOINT WARNING * * *
You closely miss Sigmund.
Sigmund is heavily wounded.
Terence hits you with a +1 flail of holy wrath!
You die...

## .# #.# <.#
####..#
##.....####
#.<.@@....#
#...@.....#
.............#
##....#.......#
....###.....$.#
.#### ........#
. ........#
........#


You could see Sigmund (strong) and Terence (resistant).

Vanquished Creatures
  A dart slug (D:1)
  A ball python (D:1)
  3 endoplasms (D:1)
  2 giant cockroaches (D:1)
  3 goblins (D:1)
  3 hobgoblins (D:1)
  3 kobolds
  4 quokkas (D:1)
  A bat (D:1)
  2 rats (D:1)
23 creatures vanquished.

Notes
Turn   | Place    | Note
-------+----------+-------------------------------------------
     0 | D:1      | a11behringer the Minotaur Berserker began the quest for the
                  | Orb.
     0 | D:1      | Reached XP level 1. HP: 19/19 MP: 0/0
   130 | D:1      | Reached XP level 2. HP: 27/27 MP: 1/1
   427 | D:1      | Reached ** piety under Trog
   428 | D:1      | Reached XP level 3. HP: 33/33 MP: 2/2
   794 | D:2      | Noticed Sigmund
   795 | D:2      | Noticed Terence
   805 | D:2      | Mangled by Terence

Illustrated notes

Levels and vault maps discovered:
D:1:      psy_arrival_statuary, layout_basic
D:2:      layout_rooms, basic_altar, uniq_terence, uniq_sigmund

Skill      XL: |  1  2 |
---------------+-------+-----
Polearms       | 4 |  4.6
Fighting       | 4 |  4.0
Armour         | |  2.6
Dodging        | |  2.3

Action                   || total
-------------------------++-------
Melee: Spear             ||    57
       Headbutt          ||     9
       Punch             ||     1
Invok: Berserk           ||     1
Armor: Animal skin       ||     3
Dodge: Dodged            ||    17

Table legend: (Time is in decaauts)
 A = Elapsed time spent in this place.
 B = Non-inter-level travel time spent in this place.
 C = Inter-level travel time spent in this place.
 D = Time resting spent in this place.
 E = Time spent auto-exploring this place.
 F = Levels seen in this place.
 G = Mean time per level.
                   A        B        C        D        E       F      G
               +--------+--------+--------+--------+--------+-----+--------+
         Total |    796 |    720 |     76 |      0 |    592 |   2 |  398.0 |
       Dungeon |    796 |    720 |     76 |      0 |    592 |   2 |  398.0 |
               +--------+--------+--------+--------+--------+-----+--------+

Top non-repeatable levels by time:
     D:1: 788 daAuts
     D:2: 8 daAuts
